AoeStats
← POPE

Black Forest

504932014Analyzed
3v3 RM · 27d ago on Sep 7, 2026· 47m 37s· 6 players
Game mode
Random Map
Map size
Normal (6 player)
Population
200
Speed
Normal
Resources
Standard
Victory
Conquest
Starting age
Dark Age
Ending age
Imperial Age
RankedLock teamsTeams togetherTeam positionsShared explorationLock speedFull tech treeHidden civsTurbo modeCheats
Victory
Defeat
🇨🇦 Tatars · Canada
1049
+11
🇨🇦 Khmer · Canada
915
+17
🇨🇦 Georgians · Canada
908
+17
🇲🇽 Wu · Mexico
1005
-17
🇲🇽 Malay · Mexico
909
-14
🇺🇸 Persians · United States
902
-14
ApeLady
2:36 Loom
11:59 Feudal Age
12:58 Man-at-Arms
16:21 Arson
17:18 Forging
17:08 Scale Mail Armor
17:46 Double-Bit Axe
24:42 Castle Age
23:32 Fletching
23:43 Padded Archer Armor
24:23 Gold Mining
26:06 Bodkin Arrow
31:07 Wheelbarrow
32:05 Leather Archer Armor
32:35 Ballistics
33:51 Hand Cart
34:10 Town Watch
41:28 Imperial Age
41:25 Bow Saw
42:28 Bracer
44:32 Chemistry
44:43 Ring Archer Armor
45:38 Heavy Cavalry Archer
Hansblix
5:08 Loom
12:27 Feudal Age
13:11 Double-Bit Axe
13:10 Horse Collar
21:42 Castle Age
20:39 Scale Barding Armor
22:42 Wheelbarrow
23:34 Chain Barding Armor
24:02 Hand Cart
24:26 Heavy Plow
25:09 Bow Saw
28:22 Elite Skirmisher
34:01 Svan Towers
37:22 Ballistics
36:47 Treadmill Crane
38:09 Caravan
41:29 Imperial Age
39:21 Fletching
39:32 Padded Archer Armor
39:43 Forging
39:34 Scale Mail Armor
39:42 Squires
39:03 Pikeman
40:01 Bodkin Arrow
43:44 Crop Rotation
43:09 Gold Mining
43:09 Stone Mining
44:38 Aznauri Cavalry
46:16 Hoardings
45:21 Elite Monaspa
46:27 Conscription
45:56 Heavy Scorpion
47:48 Iron Casting
48:13 Plate Barding Armor
DildoHands
4:47 Loom
11:59 Feudal Age
15:14 Castle Age
13:29 Double-Bit Axe
15:36 Forging
16:40 Town Watch
21:46 Horse Collar
24:11 Bow Saw
24:08 Husbandry
24:34 Scale Barding Armor
26:53 Bloodlines
29:39 Iron Casting
30:35 Heavy Plow
30:29 Gold Mining
31:18 Light Cavalry
34:56 Gold Shaft Mining
40:12 Wheelbarrow
45:02 Imperial Age
42:57 Tusk Swords
44:06 Chain Barding Armor
43:39 Fletching
47:13 Hussar
47:29 Capped Ram
joelviteladelacruz
0:43 Loom
14:07 Feudal Age
15:41 Double-Bit Axe
15:39 Horse Collar
16:38 Wheelbarrow
15:48 Town Watch
20:49 Forging
20:41 Man-at-Arms
30:15 Castle Age
33:14 Stone Mining
33:15 Gold Mining
33:47 Hand Cart
39:35 Heavy Plow
39:50 Bow Saw
42:21 Town Patrol
44:19 Iron Casting
43:35 Fletching
47:17 Imperial Age
45:08 Pikeman
45:48 Squires
45:34 Arson
45:10 Long Swordsman
47:21 Elite Karambit Warrior
48:22 Conscription
48:06 Forced Levy
POPE
2:03 Loom
11:33 Feudal Age
12:54 Loom
16:05 Castle Age
14:45 Double-Bit Axe
20:13 Fletching
21:10 Stone Mining
22:25 Horse Collar
25:44 Gold Mining
26:27 Bow Saw
26:20 Heavy Plow
26:53 Town Watch
28:41 Bloodlines
28:46 Bloodlines
29:56 Bodkin Arrow
30:10 Scale Barding Armor
30:28 Husbandry
30:44 Squires
31:45 Gold Shaft Mining
33:49 Chain Barding Armor
33:40 Forging
35:16 Wheelbarrow
36:37 Stone Shaft Mining
39:21 Imperial Age
37:58 Padded Archer Armor
38:31 Pikeman
39:05 Heavy Camel Rider
41:07 Two-Man Saw
40:43 Crop Rotation
40:17 Devotion
40:48 Guilds
42:05 Chemistry
41:18 Light Cavalry
42:14 Murder Holes
43:50 Kamandaran
44:02 Crossbowman
44:49 Thumb Ring
45:26 Plate Barding Armor
45:26 Iron Casting
44:41 Arson
JosephFasterconquer
3:21 Loom
13:03 Feudal Age
18:39 Castle Age
17:58 Horse Collar
18:10 Gold Mining
18:13 Stone Mining
18:38 Double-Bit Axe
18:59 Fletching
22:06 Bodkin Arrow
25:24 Red Cliffs Tactics
25:53 Padded Archer Armor
28:40 Wheelbarrow
30:17 Hand Cart
Connection lost

Rejoining the realm…

Still unreachable

The connection could not be restored.

Session expired

The server has moved on; the page needs a fresh start.